 Dungeon Crawl Stone Soup version 0.29.1-1-gd02db6906a (webtiles) character file.

Game seed: 6262027524179522194

78 inmateoo the Trooper (level 4, -7/39 (40) HPs)
             Began as a Hill Orc Fighter on Sept 21, 2022.
             Mangled by Crazy Yiuf
             ... wielding a +3 quarterstaff of chaos
              (11 damage)
             ... on level 2 of the Dungeon.
             The game lasted 00:01:27 (1940 turns).

inmateoo the Trooper (Hill Orc Fighter)             Turns: 1940, Time: 00:01:28

HP:   -7/39 (40)    AC: 12    Str: 20    XL:     4   Next: 36%
MP:   4/4           EV:  5    Int:  8    God:
Gold: 94            SH:  4    Dex: 10    Spells: 3/3 levels left

rFire   . . .      SeeInvis .   a - +0 long sword
rCold   . . .      Faith    .   c - +0 buckler
rNeg    . . .      Spirit   .   i - +0 plate armour
rPois   .          Reflect  .   (no helmet)
rElec   .          Harm     .   n - +0 cloak
rCorr   .          Rampage  .   (no gloves)
Will    .....                   (no boots)
Stlth   ..........              (no amulet)
HPRegen 0.13/turn               k - +4 ring of slaying
MPRegen 0.09/turn               (no ring)

@: lightly drained
A: no striking features
a: no special abilities


You were on level 2 of the Dungeon.
You visited 1 branch of the dungeon, and saw 2 of its levels.

You collected 94 gold pieces.

Inventory:

Hand Weapons
 a - a +0 long sword (weapon)
Armour
 c - a +0 buckler (worn)
 i - a +0 plate armour (worn)
 n - a +0 cloak (worn)
Jewellery
 k - a +4 ring of slaying (left hand)
 l - a ring of see invisible
Wands
 o - a wand of quicksilver (11)
Scrolls
 b - a scroll of vulnerability {unknown}
 g - 4 scrolls of identify {unknown}
 h - a scroll of torment {unknown}
 m - a scroll of magic mapping {unknown}
 r - 3 scrolls of fear {unknown}
Potions
 d - 2 potions of might
 e - 4 potions of curing {unknown}
 f - a potion of heal wounds {unknown}
 j - 3 potions of attraction {unknown}
 p - a potion of resistance {unknown}
 q - a potion of brilliance {unknown}
 s - a potion of haste {unknown}


   Skills:
 + Level 4.1 Fighting
 * Level 3.3 Long Blades
 + Level 3.7 Armour
 + Level 1.0 Dodging
 + Level 3.7 Shields


You had 3 spell levels left.
You didn't know any spells.
Your spell library contained the following spells:

 Spells                   Type           Power      Damage    Failure   Level
 Inner Flame              Hex/Fire       0%         N/A       100%        3
 Cause Fear               Hex            0%         N/A       100%        4
 Discord                  Hex            0%         N/A       100%        8


Dungeon Overview and Level Annotations

Branches:
Dungeon (2/15)

Altars:

Shops:
D:2 (

Annotations:
D:2 Crazy Yiuf


Message History

The worm bites you but does no damage.
You hit the worm but do no damage.
The worm is severely wounded.
The worm bites you.
You slash the worm!
You kill the worm!
Key pressed, stopping explore.
No target in view!
Key pressed, stopping explore.
No target in view!
Key pressed, stopping explore.
No target in view!
You see here a +0 whip.
Crazy Yiuf shouts!
No reachable target in view!
Could not explore, unopened runed door.
No reachable target in view!
No reachable target in view!
Okay, then.
Okay, then.
You open the door.
Aiming: Quicksilver Bolt
Press: ? - help, Shift-Dir - straight line, f - Crazy Yiuf
Aim: Crazy Yiuf, wielding a +3 quarterstaff of chaos and wearing a +0 cloak (75% to hit)
The bolt of dispelling energy hits Crazy Yiuf!
Crazy Yiuf is almost dead.
Crazy Yiuf hits you with a +3 quarterstaff of chaos.
You feel drained.
You barely miss Crazy Yiuf.
Crazy Yiuf is almost dead.
Crazy Yiuf hits you with a +3 quarterstaff of chaos!
You closely miss Crazy Yiuf.
Crazy Yiuf is almost dead.
Crazy Yiuf hits you with a +3 quarterstaff of chaos!
You are electrocuted!
* * * LOW HITPOINT WARNING * * *
You barely miss Crazy Yiuf.
Crazy Yiuf is almost dead.
Crazy Yiuf hits you with a +3 quarterstaff of chaos!
You die...

#..#.....#.......#
#........#.#######
#.##.....#.#
..##.....#.# #####
#.########.# #..)#
#.########.# #...#
..........## ...
..##..###.# #g#
..##..###†## ♣♣@♣
..#........# ♣.♣♣
..#...###.## ♣♣.♣
......###.# ♣.♣♣
####......# ♣♣.♣♣
######.# ♣...♣♣
#.# ♣....♣ ## #.#
#....# .#
#.####....#


You could see Crazy Yiuf.

Vanquished Creatures
  An adder (D:2)
  A worm (D:2)
  2 dart slugs (D:2)
  8 ball pythons
  3 bats (D:1)
  6 endoplasms
  4 giant cockroaches
  6 goblins
  3 hobgoblins
  3 jackals
  9 kobolds
  2 quokkas (D:1)
  4 frilled lizards (D:1)
  3 rats
55 creatures vanquished.

Notes
Turn   | Place    | Note
-------+----------+-------------------------------------------
     0 | D:1      | inmateoo the Hill Orc Fighter began the quest for the Orb.
     0 | D:1      | Reached XP level 1. HP: 19/19 MP: 1/1
    66 | D:1      | Found a faded altar of an unknown god.
   177 | D:1      | Reached XP level 2. HP: 17/27 MP: 2/2
   683 | D:1      | Reached XP level 3. HP: 32/33 MP: 3/3
  1202 | D:2      | Reached skill level 4 in Fighting
  1246 | D:2      | Reached skill level 1 in Dodging
  1246 | D:2      | Reached XP level 4. HP: 31/40 MP: 4/4
  1435 | D:2      | Found Teiggip's Weapon Emporium.
  1750 | D:2      | Found a runed translucent door.
  1751 | D:2      | Noticed Crazy Yiuf
  1940 | D:2      | Mangled by Crazy Yiuf

Illustrated notes

Levels and vault maps discovered:
D:1:      lemuel_arrival_broad_hall, layout_basic,
          hellmonk_ecumenical_altar_heavens_door, hangedman_decor_growths,
          patterned_corridor
D:2:      layout_loops_cross, serial_shops, nicolae_shop_crystal,
          minmay_tetromino_i4, uniq_crazy_yiuf_cottage

Skill      XL: |  1  2  3 |
---------------+----------+-----
Long Blades    | 3 |  3.3
Fighting       | 4 |  4.1
Dodging        | 1 |  1.0
Armour         | |  3.7
Shields        | |  3.7

Action                   |  1- 3 |  4- 6 || total
-------------------------+-------+-------++-------
Melee: Long sword        |   129 |    30 ||   159
Evoke: Wand              |       |     1 ||     1
Armor: Plate armour      |   119 |    15 ||   134
Dodge: Dodged            |    40 |     2 ||    42
Block: Buckler           |    35 |     3 ||    38
